 Dungeon Crawl Stone Soup version 0.31-a0-229-g1fc7ce93e2 (webtiles) character file.

Game seed: 4812217825811643673

19 qw the Shooter (level 2, -4/16 HPs)
             Began as a Gargoyle Hexslinger on July 6, 2023.
             Slain by a bullfrog (6 damage)
             ... on level 4 of the Dungeon.
             The game lasted 00:00:16 (900 turns).

qw the Shooter (Gargoyle Hexslinger)                 Turns: 900, Time: 00:00:17

Health: -4/16      AC:  5    Str: 11    XL:     2   Next: 75%
Magic:  3/3        EV:  9    Int: 13    God:
Gold:   42         SH:  0    Dex: 12    Spells: 2/3 levels left

rFire   . . .        Y - +1 sling
rCold   . . .        (no shield)
rNeg    + . .        c - +0 robe
rPois   inf          d - +0 helmet
rElec   +            (no cloak)
rCorr   .            (no gloves)
SInv    .            (no boots)
Will    .....        (no amulet)
Stlth   +            (no ring)
HPRegen 0.22/turn    (no ring)
MPRegen 0.08/turn

%: no passive effects
@: about to teleport, weak-willed, constricted
A: sickness immunity, AC +2, negative energy resistance 1, electricity
resistance, torment resistance 1, petrification resistance
a: no special abilities


You were on level 4 of the Dungeon.
You visited 1 branch of the dungeon, and saw 3 of its levels.

You collected 42 gold pieces.


Innate Abilities, Weirdness & Mutations

You are immune to sickness and miasma.
Your stone body is resilient. (AC +2)
You are immune to poison.
You resist negative energy. (rN+)
You are resistant to electric shocks. (rElec)
You are resistant to unholy torment.
You are immune to petrification.


   Skills:
 + Level 1.6 Fighting
 - Level 3.0 Ranged Weapons
 - Level 1.5 Dodging
 - Level 1.0 Spellcasting
 - Level 2.6 Hexes


You had 2 spell levels left.
You knew the following spells:

 Your Spells              Type           Power      Damage    Failure   Level
a - Slow                  Hex            28%        N/A       10%         1

Your spell library contained the following spells:

 Spells                   Type           Power      Damage    Failure   Level
 Inner Flame              Hex/Fire       4%         N/A       43%         3
 Portal Projectile        Hex/Tloc       8%         N/A       43%         3
 Cause Fear               Hex            3%         N/A       67%         4

Inventory:

Hand Weapons
 Y - a +1 sling (weapon)
Armour
 c - a +0 robe (worn)
 d - a +0 helmet (worn)
Potions
 e - a potion of magic {unknown}
 f - a potion of mutation {unknown}
 i - a potion of enlightenment {unknown}
 j - a potion of might {unknown}

Dungeon Overview and Level Annotations

Branches:
Dungeon (4/15)             Temple (0/1) D:4

Altars:
Qazlal


Message History

Found a bubbling dark potion.
A bullfrog comes into view.
Found a scroll labelled JEUFFO AQUGAF.
The bullfrog croaks.
You hear an angry hiss.
The bullfrog moves out of view.
(D) Dungeon (T) Temple
Where to? (* - list waypoints, Enter - Temple, ? - help)
A bullfrog and 2 ball pythons come into view.
The ball python hisses angrily.
You hear a shout!
A hobgoblin comes into view.
The ball python moves out of view.
There is a staircase to the Ecumenical Temple here.
You shoot a sling bullet. The sling bullet hits the bullfrog.
The bullfrog is moderately wounded.
You shoot a sling bullet. The sling bullet hits the bullfrog.
The bullfrog is moderately wounded.
The bullfrog closely misses you.
A ball python comes into view.
The ball python closely misses you. The ball python grabs you.
The ball python constricts you. The bullfrog hits you.
You shoot a sling bullet.
The sling bullet closely misses the ball python.
The sling bullet hits the hobgoblin.
The hobgoblin is lightly wounded.
The ball python bites you but does no damage.
The ball python constricts you. The bullfrog hits you.
The ball python closely misses you. The ball python constricts you.
The bullfrog hits you but does no damage.
You shoot a sling bullet. The ball python hisses angrily.
The sling bullet hits the ball python.
The ball python is moderately wounded.
The bullfrog barely misses you. The ball python bites you.
The ball python constricts you. The bullfrog hits you.
900 ||| READING scroll of teleportation.
As you read the scroll of teleportation, it crumbles to dust.
You feel strangely unstable. The ball python misses you.
The ball python constricts you. The bullfrog hits you.
You die...

..... ..? .}. .
..$ . #. #.# .#
#!. ##.## ..#
#...##...##....
#.}..gS@FS..}..
#...##...##....
. ##.## . #.#
#.....# ##.S.##
#...# .....
...####


You could see a bullfrog, a hobgoblin and 3 ball pythons.

Vanquished Creatures
  A dart slug (D:2)
  An endoplasm (D:1)
  2 giant cockroaches (D:1)
  3 goblins (D:1)
  3 hobgoblins
  A ball python (D:1)
  A bat (D:2)
  2 frilled lizards (D:1)
  3 rats
17 creatures vanquished.

Notes
Turn   | Place    | Note
-------+----------+-------------------------------------------
     0 | D:1      | qw the Gargoyle Hexslinger began the quest for the Orb.
     0 | D:1      | Reached XP level 1. HP: 12/12 MP: 2/2
     0 | D:1      | 0 ||| qw: Version: 0.3-a-46-gb1f654a
     0 | D:1      | 0 ||| qw: Game counter: 1212
     0 | D:1      | 0 ||| qw: Melee chars always use a shield: true
     0 | D:1      | 0 ||| qw: God list: Okawaru
     0 | D:1      | 0 ||| qw: Allow faded altars: false
     0 | D:1      | 0 ||| qw: Do Orc after clearing Dungeon:15 true
     0 | D:1      | 0 ||| qw: Do second Lair branch before Depths: true
     0 | D:1      | 0 ||| qw: Lair rune preference: random
     0 | D:1      | 0 ||| qw: Goals: Normal
     0 | D:1      | 0 ||| PLANNING D:1-11
    92 | D:1      | Found a faded altar of an unknown god.
   173 | D:1      | Reached XP level 2. HP: 16/16 MP: 3/3
   486 | D:1      | Reached skill level 3 in Ranged Weapons
   732 | D:1      | 732 ||| UPGRADING to +0 helmet.
   737 | D:1      | 737 ||| READING 2 scrolls labelled ATAYSMA WOIRIO.
   741 | D:1      | 741 ||| READING scroll labelled UHUAGG DOJEO.
   742 | D:1      | 742 ||| DROPPING scroll of poison.
   781 | D:2      | Found a stormy altar of Qazlal.
   891 | D:2      | You fall into a shaft and drop 2 floors!
   891 | D:4      | Found a staircase to the Ecumenical Temple.
   892 | D:4      | 892 ||| PLANNING TEMPLE
   892 | D:4      | 892 ||| READING scroll labelled RUYF PEQER.
   894 | D:4      | Noticed a bullfrog
   899 | D:4      | HP: 3/16 [bullfrog (4)]
   900 | D:4      | 900 ||| READING scroll of teleportation.
   900 | D:4      | Slain by a bullfrog

Levels and vault maps discovered:
D:1:      eino_arrival_water_star, layout_basic, basic_ecumenical_altar
D:2:      layout_loops_ring, basic_altar
D:4:      layout_rooms, minmay_temple_entry_waves, serial_rivers,
          chequers_serial_rivers_micro_d, chequers_serial_rivers_micro_c,
          chequers_serial_rivers_room_b, chequers_serial_rivers_room_b

Skill      XL: |  1  2 |
---------------+-------+-----
Ranged Weapons | 3 |  3.0
Fighting       | |  1.6
Dodging        | |  1.5
Spellcasting   | |  1.0
Hexes          | |  2.6

Action                     || total
---------------------------++-------
   Fire: Sling             ||    52
    Use: Scroll            ||     4
 Armour: Robe              ||     6
  Dodge: Dodged            ||    10

Table legend:
 A = Non-vault XP
 B = Vault XP
 C = Vault XP percentage of total XP
 D = Non-vault monster count
 E = Vault monster count
 F = Vault count percentage of total count
                 A         B        C        D         E       F
            +---------+---------+-------+---------+---------+-------
      Total |      28 |       0 |   0.0 |      17 |       0 |   0.0
            +---------+---------+-------+---------+---------+-------
        D:1 |      20 |       0 |   0.0 |      13 |       0 |   0.0
        D:2 |       8 |       0 |   0.0 |       4 |       0 |   0.0
            +---------+---------+-------+---------+---------+-------
